 Dungeon Crawl Stone Soup version 0.17.0-25-gefc9c12 (webtiles) character file.

414 4thArraOfDagon the Chopper (level 6, 9/56 HPs)
             Began as a Hill Orc Berserker on Nov 18, 2015.
             Was a Follower of Trog.
             Quit the game on level 6 of the Dungeon.
             The game lasted 00:03:00 (510 turns).

4thArraOfDagon the Chopper (Hill Orc Berserker)      Turns: 510, Time: 00:03:00

Health: 9/56       AC:  7    Str: 20      XL:     6   Next: 91%
Magic:  6/6        EV: 10    Int:  9 (10) God:    Trog [*.....]
Gold:   68         SH:  0    Dex: 10      Spells: 0 memorised, 5 levels left

rFire  . . .     SeeInvis .     a - +0 hand axe
rCold  . . .     Clarity  +     k - +0 scale mail
rNeg   . . .     SustAt   .     (no shield)
rPois  .         Gourm    .     (no helmet)
rElec  .         Spirit   .     (no cloak)
rCorr  .         Warding  .     (no gloves)
rMut   .         Stasis   .     (no boots)
MR     .....                    e - amulet of clarity
Stlth  ..........               (no ring)
                                (no ring)

@: brilliant, seriously poisoned (9 -> 2), exhausted, slowed, very slow, not
resistant to hostile enchantments, extremely unstealthy
A: breathe flames 1, deterioration 1, dopey 1, weak 1, subdued magic 1
a: Berserk, Burn Spellbooks, Renounce Religion, Breathe Fire


You were on level 6 of the Dungeon.
You worshipped Trog.
Trog was aware of your devotion.
You were not hungry.

You visited 1 branch of the dungeon, and saw 6 of its levels.

You collected 68 gold pieces.

Inventory:

Hand Weapons
 a - a +0 hand axe (weapon)
Armour
 k - a +0 scale mail (worn)
Jewellery
 e - an amulet of clarity (around neck)
Wands
 j - a wand of frost (22)
Scrolls
 d - a scroll of amnesia {unknown}
 f - a scroll of teleportation {unknown}
 g - a scroll of recharging {unknown}
 h - a scroll of fog {unknown}
Comestibles
 i - a chunk of flesh


   Skills:
 + Level 5.3 Fighting
 * Level 7.5 Axes
 + Level 4.4 Armour
 - Level 1.5 Dodging


You had 5 spell levels left.
You didn't know any spells.

Dungeon Overview and Level Annotations

Branches:
Dungeon (6/15)
 Temple: D:4-7

Altars:

Annotations:
D:5 Dowan


Innate Abilities, Weirdness & Mutations

You can breathe flames.
Your body sometimes deteriorates upon taking damage.
You are dopey. (Int -2)
You are weak. (Str -2)
Your spells are a little easier to cast, but a little less powerful.


Message History

Unknown command.
Unknown command.
Drink which item? (? for menu, Esc to quit)
It was a potion of poison.
That liquid tasted very nasty...
You are poisoned.
You feel sick. The quokka barely misses you.
Something hits you but does no damage. The quokka closely misses you.
Something hits you but does no damage.
Unknown command.
Drink which item? (? for menu, Esc to quit)
It was a potion of brilliance.
You feel clever all of a sudden.
You feel sick. The quokka bites you.
* * * LOW HITPOINT WARNING * * *
Something hits you but does no damage. The quokka closely misses you.
Unknown command.
Are you sure you want to abandon this character and quit the game? (Confirm with "yes".)
Okay, then.
Unknown command.
Are you sure you want to abandon this character and quit the game? (Confirm with "yes".)

...... ..... ..#. ...
##.. ##.. .#.
##..##########.....
#..........@r......
#######.##########...>..
#..<....# ###.. .....
#.......##...... ....
#.....รท....# .#.
#.......#### # #.......#
#.....<.# #.[.....#


You could see a quokka.

Vanquished Creatures
  Eustachio (D:4)
  Duvessa (D:5)
  An ogre (D:4)
  A giant frog zombie (D:6)
  4 adders
  An ooze (D:2)
  2 giant cockroaches
  2 goblins (D:3)
  A hobgoblin (D:1)
  2 kobolds (D:3)
  2 bats (D:1)
  A quokka skeleton (D:4)
  3 rats
22 creatures vanquished.

Notes
Turn   | Place    | Note
--------------------------------------------------------------
     0 | D:1      | 4thArraOfDagon the Hill Orc Berserker began the quest for the Orb.
     0 | D:1      | Reached XP level 1. HP: 19/19 MP: 1/1
    76 | D:2      | Reached XP level 2. HP: 27/27 MP: 2/2
   172 | D:3      | Reached XP level 3. HP: 33/33 MP: 3/3
   175 | D:3      | Reached skill level 5 in Axes
   273 | D:5      | Entered Level 5 of the Dungeon
   273 | D:5      | Noticed Duvessa
   278 | D:5      | Noticed Dowan
   285 | D:5      | Killed Duvessa
   285 | D:5      | Reached skill level 6 in Axes
   285 | D:5      | Reached XP level 4. HP: 41/41 MP: 4/4
   285 | D:5      | Reached XP level 5. HP: 47/47 MP: 5/5
   291 | D:4      | Noticed an ogre
   295 | D:4      | Gained mutation: You can breathe flames. [potion of mutation]
   295 | D:4      | Gained mutation: You are weak. (Str -2) [potion of mutation]
   296 | D:4      | Gained mutation: Your spells are a little easier to cast, but a little less powerful. [potion of mutation]
   296 | D:4      | Gained mutation: You are dopey. (Int -2) [potion of mutation]
   296 | D:4      | Gained mutation: Your body sometimes deteriorates upon taking damage. [potion of mutation]
   299 | D:4      | Killed an ogre
   353 | D:4      | Reached XP level 6. HP: 23/55 MP: 6/6
   359 | D:4      | Noticed Eustachio
   390 | D:4      | Killed Eustachio
   390 | D:4      | Reached skill level 5 in Fighting
   390 | D:4      | Reached skill level 7 in Axes
   422 | D:4      | Noticed a phantom
   510 | D:6      | Quit the game

Action                   |  1- 3 |  4- 6 || total
-------------------------+-------+-------++-------
Melee: Hand axe          |    42 |    35 ||    77
Invok: Berserk           |     3 |     2 ||     5
 Abil: Breathe Fire      |       |     1 ||     1
  Use: Potion            |       |     6 ||     6
  Eat: Chunk             |       |     1 ||     1
       Bread ration      |       |     1 ||     1
